 Dungeon Sprint DCSS version 0.22-a0-346-ga714374 (webtiles) character file.

51590 smeego the Bludgeoner (level 14, -21/133 HPs)
             Began as a Minotaur Fighter on Apr 7, 2018.
             Was the Champion of Cheibriados.
             Killed by mirror damage (31 damage)
             ... in the Dungeon (Sprint IX: "|||||||||||||||||||||||||||||").
             The game lasted 00:16:00 (3500 turns).

smeego the Bludgeoner (Minotaur Fighter)            Turns: 3500, Time: 00:16:00

Health: -21/133    AC: 22    Str: 40    XL:     14   Next: 24%
Magic:  15/27      EV: 12    Int: 24    God:    Cheibriados [******]
Gold:   189        SH: 31    Dex: 32    Spells: 21/33 levels left

rFire    + . .     SeeInvis +   C - +4 eveningstar (drain)
rCold    + . .     Gourm    .   K - +1 large shield
rNeg     . . .     Faith    .   B - +2 plate armour {rF+}
rPois    .         Spirit   .   D - +0 hat {SInv}
rElec    +         Reflect  +   q - +0 cloak
rCorr    .         Harm     .   A - +0 pair of gloves
MR       +....     NoTele   +   (no boots)
Stlth    ..........             b - +5 amulet of reflection
HPRegen  1.32/turn              G - ring of protection from cold
MPRegen  0.20/turn              r - ring of see invisible

@: mighty, agile, very slightly contaminated, regenerating, very slow
A: retaliatory headbutt, horns 2, talons 1, blink, deterioration 1, electricity
resistance
a: Blink, Bend Time, Temporal Distortion, Slouch, Step From Time, Renounce
Religion


You were in the Dungeon.
You worshipped Cheibriados.
Cheibriados was exalted by your worship.
You were not hungry.

You visited 1 branch You collected 1911 gold pieces.
You spent 1722 gold pieces at shops.

Inventory:

Hand Weapons
 a - a +0 flail
 p - a +2 morningstar of crushing
 C - a +4 eveningstar of draining (weapon)
 H - a +0 war axe of freezing
 I - a +1 double sword
 J - a +1 demon whip of venom
 N - a +0 trident
Armour
 c - a +0 shield
 e - +0 fire dragon scales
 o - a +1 shield of reflection
 q - a +0 cloak (worn)
 A - a +0 pair of gloves (worn)
 B - a +2 plate armour of fire resistance (worn)
 D - a +0 hat of see invisible (worn)
 K - a +1 large shield (worn)
Jewellery
 b - a +5 amulet of reflection (around neck)
 r - a ring of see invisible (right hand)
 s - a +3 ring of strength
 t - a +3 ring of dexterity
 E - an uncursed ring of protection from fire
 F - an uncursed ring of fire
 G - a ring of protection from cold (left hand)
Scrolls
 m - 3 scrolls of remove curse
 n - 2 scrolls of amnesia
 x - 6 scrolls of enchant armour
 z - 2 scrolls of fog
 L - 2 scrolls of identify
Potions
 d - a potion of might
 h - 3 potions of haste
 i - 3 potions of magic
 j - a potion of berserk rage
 u - a potion of resistance
 v - a potion of agility
 w - a potion of brilliance
Comestibles
 f - 9 rations


   Skills:
 + Level 14.8 Fighting
 + Level 16.1 Maces & Flails
 + Level 14.8 Armour
 + Level 15.0 Shields
 + Level 14.8 Unarmed Combat
 + Level 10.2 Spellcasting
 * Level 10.8 Charms
 * Level 13.7 Necromancy
 + Level 13.3 Invocations


You had 21 spell levels left.
You knew the following spells:

 Your Spells              Type           Power        Failure   Level  Hunger
a - Animate Skeleton      Necr           N/A          1%          1    None
b - Regeneration          Chrm/Necr      ######....   1%          3    None
c - Vampiric Draining     Necr           ######....   1%          3    None
d - Animate Dead          Necr           N/A          2%          4    #......
e - Pain                  Necr           ####         1%          1    None


Dungeon Overview and Level Annotations

Branches:
Dungeon (1/1)

Altars:
Cheibriados
Dithmenos
Elyvilon
Fedhas
Gozag
Hepliaklqana
Kikubaaqudgha
Makhleb
Nemelex Xobeh
Okawaru
Qazlal
Ru
Sif Muna
Trog
Uskayaw
Vehumet
Wu Jian
Xom
Yredelemnul
Zin
The Shining One
Beogh
Jiyva
Lugonu

Shops:
D *:[=


Innate Abilities, Weirdness & Mutations

You reflexively headbutt those who attack you in melee.
You have a pair of horns on your head.
You have sharp toenails.
You can translocate small distances at will.
Your body sometimes deteriorates upon taking damage.
You are resistant to electric shocks. (rElec)


Message History

Your Shields skill increases to level 15!
The death knight invokes the aid of Yredelemnul against you.
You struggle to resist.
The death knight offers itself to Yredelemnul, and fills with unholy energy.
There is an open door to the Dungeon, spattered with blood here.
You see here a shapeshifter corpse.
You block the death knight's attack.
Things that are here:
a battleaxe of freezing; a great sword of flaming You block the death knight's attack. x2
You impale the death knight!! You claw the death knight!
Your headbutt misses the death knight.
The death knight is heavily wounded.
The death knight reflects your damage back at you!
* * * LOW HITPOINT WARNING * * *
You impale the death knight!! You drain the death knight!
You kill the death knight!
Cheibriados appreciates the change of pace.
Your damage is reflected back at you!
You die...

▓▓▓▓▓▓▓▓▓▓▓▓▓▓▓▓▓▓▓▓▓▓▓▓▓▓▓▓▓▓▓▓▓
.†.......))).)†)@)..(...........▓
▓▓▓▓▓▓▓▓▓▓▓▓▓▓▓▓▓▓▓▓▓▓▓▓▓▓▓▓▓▓▓.▓
..)....[........................▓
▓▓▓▓▓▓▓▓▓▓▓▓▓▓▓▓▓▓▓▓▓▓▓▓▓▓▓▓▓▓▓▓▓
....)))))...).))'...............▓
▓▓▓▓▓▓▓▓▓▓▓▓▓▓▓▓▓▓▓▓▓▓▓▓▓▓▓▓▓▓▓.▓
................................▓
▓▓▓▓▓▓▓▓▓▓▓▓▓▓▓▓▓▓▓▓▓▓▓▓▓▓▓▓▓▓▓▓▓
[[[[[.[[.)..).)))....='.........▓


There were no monsters in sight!

Vanquished Creatures
  Gastronok (D)
  Donald (D)
  A fire giant (D)
  A vault warden (D)
  2 frost giants (D)
  2 spriggan defenders (D)
  2 very ugly things (D)
  Azrael (D)
  2 spark wasps (D)
  2 ettins (D)
  2 fire dragons (D)
  A merfolk impaler (D)
  A hydra (D)
  Erolcha (D)
  2 naga warriors (D)
  2 ice dragons (D)
  2 death knights (D)
  2 centaur warriors (D)
  An ogre mage (D)
  An alligator (D)
  2 tengu warriors (D)
  2 two-headed ogres (D)
  Nergalle (D)
  A fire crab (shapeshifter) (D)
  2 unseen horrors (D)
  2 naga ritualists (D)
  A wizard (D)
  A swamp dragon (D)
  An orb spider (D)
  7 orc sorcerers (D)
  A wolf spider (D)
  An orc knight (D)
  A cyclops (D)
  3 manticores (D)
  An ugly thing (D)
  5 black mambas (D)
  A merfolk siren (D)
  Psyche (D)
  A spiny frog (D)
  A demonic crawler (D)
  A komodo dragon (D)
  2 yaktaurs (D)
  3 trolls (D)
  A tengu conjurer (D)
  A jumping spider (D)
  4 polar bears (D)
  3 merfolk (D)
  A tyrant leech (D)
  A bog body (D)
  A slime creature (D)
  2 redbacks (D)
  A shadow (D)
  A water elemental (D)
  2 yaks (D)
  2 fire elementals (D)
  A wyvern (D)
  2 tarantellas (D)
  Grum (D)
  A hungry ghost (D)
  A naga (D)
  An acid dragon (D)
  4 hell hounds (D)
  2 water moccasins (D)
  4 black bears (D)
  3 porcupines (D)
  2 swamp drakes (D)
  A sky beast (D)
  10 orc warriors (D)
  2 wolves (D)
  8 crocodiles (D)
  2 bullfrogs (D)
  A bullfrog (shapeshifter) (D)
  A howler monkey (D)
  A crimson imp (D)
  A jelly (D)
  4 orc priests (D)
  9 orc wizards (D)
  A worker ant (D)
  8 orcs (D)
  A goblin (D)
  A hobgoblin (D)
  A jackal (D)
  A quokka (D)
  A frilled lizard (D)
  A giant cockroach zombie (D)
  A jackal zombie (D)
  3 rats (D)
173 creatures vanquished.

Vanquished Creatures (others)
  A yaktaur (D)
1 creature vanquished.

Grand Total: 174 creatures vanquished

Notes
Turn   | Place    | Note
-------+----------+-------------------------------------------
     0 | D        | smeego the Minotaur Fighter began the quest for the Orb.
     0 | D        | Reached XP level 1. HP: 19/19 MP: 0/0
    15 | D        | Reached skill level 1 in Unarmed Combat
    19 | D        | Reached skill level 3 in Maces & Flails
    32 | D        | Noticed a crimson imp
    38 | D        | Reached XP level 2. HP: 22/27 MP: 1/1
    79 | D        | Killed a crimson imp
    79 | D        | Reached skill level 4 in Maces & Flails
    79 | D        | Reached XP level 3. HP: 27/34 MP: 2/2
    86 | D        | Found a roughly hewn altar of Beogh.
    86 | D        | Found a snail-covered altar of Cheibriados.
    86 | D        | Found a shadowy altar of Dithmenos.
    86 | D        | Found a white marble altar of Elyvilon.
    86 | D        | Found a blossoming altar of Fedhas.
    86 | D        | Found an opulent altar of Gozag.
    87 | D        | Found a hazy altar of Hepliaklqana.
    88 | D        | Found a viscous altar of Jiyva.
    89 | D        | Found an ancient bone altar of Kikubaaqudgha.
    90 | D        | Became a worshipper of Cheibriados the Contemplative
    91 | D        | Found a corrupted altar of Lugonu.
    92 | D        | Found a burning altar of Makhleb.
    93 | D        | Found a sparkling altar of Nemelex Xobeh.
    94 | D        | Found an iron altar of Okawaru.
    95 | D        | Found a stormy altar of Qazlal.
    96 | D        | Found a sacrificial altar of Ru.
    97 | D        | Found a deep blue altar of Sif Muna.
    98 | D        | Found a bloodstained altar of Trog.
    99 | D        | Found a hide-covered altar of Uskayaw.
   100 | D        | Found a radiant altar of Vehumet.
   101 | D        | Found an ornate altar of the Wu Jian Council.
   102 | D        | Found a shimmering altar of Xom.
   103 | D        | Found a basalt altar of Yredelemnul.
   104 | D        | Found a glowing silver altar of Zin.
   105 | D        | Found a glowing golden altar of the Shining One.
   150 | D        | Noticed a hungry ghost
   150 | D        | Noticed a troll
   150 | D        | Noticed a water moccasin
   150 | D        | Noticed a two-headed ogre
   153 | D        | Killed a two-headed ogre
   153 | D        | Reached skill level 8 in Maces & Flails
   153 | D        | Reached skill level 5 in Invocations
   153 | D        | Reached XP level 4. HP: 39/47 MP: 2/9
   153 | D        | Reached XP level 5. HP: 43/52 MP: 2/10
   153 | D        | Reached XP level 6. HP: 50/60 MP: 2/11
   153 | D        | Reached XP level 7. HP: 55/66 MP: 2/12
   154 | D        | Reached * piety under Cheibriados
   154 | D        | Reached skill level 9 in Maces & Flails
   157 | D        | Killed a troll
   159 | D        | Reached XP level 8. HP: 33/73 MP: 2/13
   161 | D        | Reached ** piety under Cheibriados
   287 | D        | Noticed a troll
   287 | D        | Noticed a cyclops
   292 | D        | Killed a cyclops
   292 | D        | Reached skill level 10 in Maces & Flails
   292 | D        | Reached skill level 5 in Spellcasting
   293 | D        | Killed a troll
   293 | D        | Reached *** piety under Cheibriados
   300 | D        | Reached XP level 9. HP: 31/82 MP: 12/16
   303 | D        | Reached **** piety under Cheibriados
   374 | D        | Noticed Grum
   376 | D        | Reached skill level 11 in Maces & Flails
   382 | D        | Killed Grum
   382 | D        | Reached ***** piety under Cheibriados
   382 | D        | Reached skill level 10 in Unarmed Combat
   448 | D        | Gained mutation: Your body sometimes deteriorates upon taking damage. [potion of mutation]
   448 | D        | Gained mutation: You have sharp toenails. [potion of mutation]
   448 | D        | Gained mutation: You are resistant to electric shocks. (rElec) [potion of mutation]
   448 | D        | Gained mutation: You can translocate small distances at will. [potion of mutation]
   457 | D        | Learned a level 1 spell: Animate Skeleton
   461 | D        | Learned a level 3 spell: Regeneration
   465 | D        | Learned a level 3 spell: Vampiric Draining
   470 | D        | Learned a level 4 spell: Animate Dead
   474 | D        | Learned a level 1 spell: Pain
   484 | D        | Noticed a komodo dragon
   486 | D        | Reached skill level 1 in Charms
   486 | D        | Reached skill level 1 in Necromancy
   488 | D        | Noticed a spiny frog
   489 | D        | Reached ****** piety under Cheibriados
   490 | D        | Killed a komodo dragon
   492 | D        | Killed a spiny frog
   699 | D        | Noticed a black mamba
   707 | D        | Killed a black mamba
   707 | D        | Reached XP level 10. HP: 79/91 MP: 17/19
   752 | D        | Reached skill level 12 in Maces & Flails
   756 | D        | Reached skill level 10 in Shields
   766 | D        | Reached skill level 10 in Armour
   894 | D        | Noticed an orc sorcerer
   894 | D        | Reached skill level 10 in Fighting
   899 | D        | Killed an orc sorcerer
   939 | D        | Noticed an orc sorcerer
   939 | D        | Noticed an orc knight
   945 | D        | Noticed a rust devil
   945 | D        | Killed an orc knight
   948 | D        | Reached skill level 5 in Necromancy
   952 | D        | Killed an orc sorcerer
   957 | D        | Reached XP level 11. HP: 87/101 MP: 17/21
  1155 | D        | Found Hueb's Jewellery Boutique.
  1155 | D        | Noticed an orc sorcerer
  1155 | D        | Noticed an orc sorcerer
  1155 | D        | Noticed an orc sorcerer
  1157 | D        | Noticed an orc sorcerer
  1161 | D        | Killed an orc sorcerer
  1161 | D        | Reached skill level 5 in Charms
  1161 | D        | Reached skill level 10 in Invocations
  1161 | D        | Killed an orc sorcerer
  1162 | D        | Killed an orc sorcerer
  1162 | D        | Found Qurouleg's Antique Armour Shop.
  1163 | D        | Noticed an orc sorcerer
  1165 | D        | Killed an orc sorcerer
  1166 | D        | Found Ilurerakk's Book Boutique.
  1168 | D        | Found Kocwofaw's General Store.
  1171 | D        | Killed an orc sorcerer
  1335 | D        | Bought a +5 amulet of reflection for 453 gold pieces
  1336 | D        | Bought an uncursed ring of see invisible for 165 gold pieces
  1342 | D        | Bought a manual of Necromancy for 1104 gold pieces
  1447 | D        | Noticed Gastronok
  1458 | D        | Killed Gastronok
  1458 | D        | Reached skill level 13 in Maces & Flails
  1589 | D        | Noticed a two-headed ogre
  1589 | D        | Noticed an unseen horror
  1589 | D        | Noticed a centaur warrior
  1593 | D        | Killed an unseen horror
  1595 | D        | Noticed a centaur warrior
  1595 | D        | Killed a centaur warrior
  1596 | D        | Noticed a white very ugly thing
  1597 | D        | Noticed an ice dragon
  1599 | D        | Killed a two-headed ogre
  1599 | D        | Killed a centaur warrior
  1601 | D        | Killed a white very ugly thing
  1601 | D        | Reached XP level 12. HP: 61/112 MP: 8/23
  1604 | D        | Noticed a cyan very ugly thing
  1608 | D        | Noticed an ettin
  1608 | D        | Killed an ice dragon
  1611 | D        | Noticed a tengu warrior
  1613 | D        | Killed a cyan very ugly thing
  1622 | D        | Killed an ettin
  1625 | D        | Noticed an ettin
  1630 | D        | Killed a tengu warrior
  1637 | D        | Killed an ettin
  1637 | D        | Reached skill level 14 in Maces & Flails
  1637 | D        | Reached skill level 10 in Necromancy
  1768 | D        | Noticed a merfolk impaler
  1774 | D        | Killed a merfolk impaler
  1929 | D        | Noticed a naga warrior
  1929 | D        | Noticed a naga warrior
  1943 | D        | Killed a naga warrior
  1959 | D        | Killed a naga warrior
  2319 | D        | Noticed an alligator
  2319 | D        | Noticed a five-headed hydra
  2321 | D        | Reached XP level 13. HP: 119/122 MP: 19/25
  2944 | D        | Noticed a spark wasp
  2947 | D        | Killed a spark wasp
  2979 | D        | Noticed Azrael
  2986 | D        | Noticed Nergalle
  2992 | D        | Killed Azrael
  2992 | D        | Reached skill level 15 in Maces & Flails
  3008 | D        | Killed Nergalle
  3087 | D        | Noticed Erolcha
  3091 | D        | Killed Erolcha
  3118 | D        | Noticed Psyche
  3122 | D        | Killed Psyche
  3127 | D        | Noticed Donald
  3141 | D        | Killed Donald
  3188 | D        | Noticed a spriggan defender
  3188 | D        | Noticed a frost giant
  3194 | D        | Noticed a fire giant
  3196 | D        | Killed a frost giant
  3196 | D        | Killed a spriggan defender
  3198 | D        | Noticed a fire dragon
  3202 | D        | Reached skill level 10 in Charms
  3206 | D        | Killed a fire giant
  3220 | D        | Killed a fire dragon
  3222 | D        | Noticed a spriggan defender
  3227 | D        | Killed a spriggan defender
  3227 | D        | Reached skill level 10 in Spellcasting
  3228 | D        | Reached XP level 14. HP: 66/133 MP: 16/27
  3246 | D        | Noticed a frost giant
  3253 | D        | Killed a frost giant
  3377 | D        | Reached skill level 16 in Maces & Flails
  3473 | D        | Noticed a vault warden
  3491 | D        | Killed a vault warden
  3495 | D        | Reached skill level 15 in Shields
  3500 | D        | Killed by mirror damage

Vault maps used:
D:        linesprint

Skill      XL: |  1  2  3  4  5  6  7  8  9 10 11 12 13 14 |
---------------+-------------------------------------------+-----
Unarmed Combat | 2 3 7 8 9 10 11 12 13 14 | 14.8
Maces & Flails | 3 4 8 9 10 11 12 13 14 15 16 | 16.1
Fighting       | 4 7 8 9 10 11 13 14 | 14.8
Armour         | 4 7 8 9 10 11 13 14 | 14.8
Shields        | 4 7 8 9 10 12 13 14 15 | 15.0
Spellcasting   | 4 5 6 7 8 9 10 | 10.2
Invocations    | 5 6 8 9 10 11 13 | 13.3
Charms         | 2 4 6 8 10 | 10.8
Necromancy     | 3 5 8 11 13 | 13.7

Action                   |  1- 3 |  4- 6 |  7- 9 | 10-12 | 13-15 || total
-------------------------+-------+-------+-------+-------+-------++-------
Melee: Flail             |    53 |       |       |       |       ||    53
       Headbutt          |     3 |       |    12 |    49 |    34 ||    98
       Morningstar       |       |       |    45 |    94 |       ||   139
       Kick              |       |       |     5 |    97 |    62 ||   164
       Demon whip        |       |       |       |    75 |    65 ||   140
       Eveningstar       |       |       |       |       |    48 ||    48
 Cast: Animate Skeleton  |       |       |       |     5 |       ||     5
       Animate Dead      |       |       |       |     1 |       ||     1
       Regeneration      |       |       |       |     3 |     2 ||     5
       Vampiric Draining |       |       |       |     2 |     2 ||     4
Invok: Bend Time         |       |       |     1 |       |     4 ||     5
       Slouch            |       |       |     2 |    16 |    11 ||    29
       Step From Time    |       |       |       |       |     2 ||     2
Evoke: Wand              |     2 |       |     3 |     5 |       ||    10
  Use: Potion            |       |       |     1 |     9 |     9 ||    19
       Scroll            |       |       |       |     1 |     4 ||     5
 Stab: Invisible         |       |       |       |    12 |       ||    12
  Eat: Chunk             |       |       |       |     2 |       ||     2
       Ration            |       |       |       |     1 |     2 ||     3
Armor: Scale mail        |    18 |       |       |       |       ||    18
       Chain mail        |       |       |    10 |    19 |       ||    29
       Plate armour      |       |       |       |    32 |    45 ||    77
Dodge: Dodged            |    14 |       |     7 |    23 |     9 ||    53
Block: Shield            |    20 |       |    18 |    61 |       ||    99
       Large shield      |       |       |       |    82 |   109 ||   191
       Reflection        |       |       |       |     6 |     2 ||     8

Table legend:
 A = Spawn XP
 B = Non-spawn XP
 C = Spawn XP percentage of total XP
 D = Spawn monster count
 E = Non-spawn monster count
 F = Spawn count percentage of total count
 G = Total turns spent on level
                    A         B        C        D         E        F      G
               +---------+---------+-------+---------+---------+-------+---------
         Total |       0 |   73700 |   0.0 |       0 |     174 |   0.0 |  3500
               +---------+---------+-------+---------+---------+-------+---------
             D |       0 |   73700 |   0.0 |       0 |     174 |   0.0 |  3500
               +---------+---------+-------+---------+---------+-------+---------
